 Dungeon Crawl Stone Soup version 0.28-a0-1389-gc726bef33b (webtiles) character file.

Game seed: 16709638296602755870

179 Gwenloh the Sneak (level 5, -5/42 HPs)
             Began as a Naga Fire Elementalist on Jan 3, 2022.
             Slain by a crimson imp (10 damage)
             ... on level 3 of the Dungeon.
             The game lasted 00:10:24 (3402 turns).

Gwenloh the Sneak (Naga Fire Elementalist)          Turns: 3402, Time: 00:10:25

Health: -5/42      AC:  2    Str: 10    XL:     5   Next: 59%
Magic:  3/9        EV:  9    Int: 18    God:
Gold:   145        SH:  0    Dex: 11    Spells: 0/10 levels left

rFire   + . .      SeeInvis +   j - staff of fire
rCold   . . .      Faith    .   (no shield)
rNeg    . . .      Spirit   .   a - +0 robe
rPois   +          Reflect  .   (no helmet)
rElec   .          Harm     .   (no cloak)
rCorr   .          Rampage  .   (no gloves)
Will    .....                   (no barding)
Stlth   ++........              (no amulet)
HPRegen 0.14/turn               (no ring)
MPRegen 0.11/turn               (no ring)

@: short of breath, very slow
A: AC +1, large, see invisible, deformed body, poison resistance, slowness 2,
spit poison 1, naga tail 1
a: Spit Poison


You were on level 3 of the Dungeon.
You visited 1 branch of the dungeon, and saw 3 of its levels.

You collected 145 gold pieces.

Inventory:

Hand Weapons
 f - a +0 dagger
Armour
 a - a +0 robe (worn)
 i - an orb of wrath
Magical Staves
 j - a staff of fire (weapon)
Jewellery
 m - a ring of fire
Wands
 l - a wand of flame (24)
Scrolls
 d - a scroll of enchant weapon {unknown}
 e - a scroll of teleportation {unknown}
 g - a scroll of fear {unknown}
 h - a scroll of summoning {unknown}
 k - 2 scrolls of identify {unknown}
 o - a scroll of blinking {unknown}
Potions
 b - 2 potions of degeneration {unknown}
 c - a potion of invisibility {unknown}
 n - a potion of curing {unknown}


   Skills:
 - Level 1.6 Dodging
 + Level 4.2 Stealth
 * Level 3.2 Spellcasting
 * Level 2.8 Conjurations
 * Level 4.0 Fire Magic


You couldn't memorise any spells.
You knew the following spells:

 Your Spells              Type           Power      Damage    Failure   Level
a - Foxfire               Conj/Fire      88%        2x1d8     4%          1
b - Scorch                Fire           52%        2d7       4%          2
c - Flame Wave            Conj/Fire      22%        2d6       36%         4
d - Conjure Flame         Conj/Fire      22%        6-21      12%         3

Your spell library contained the following spells:

 Spells                   Type           Power      Damage    Failure   Level
 Inner Flame              Hex/Fire       15%        N/A       21%         3


Dungeon Overview and Level Annotations

Branches:
Dungeon (3/15)

Altars:
Nemelex Xobeh
Xom

Shops:
D:3 [


Innate Abilities, Weirdness & Mutations

Your serpentine skin is tough. (AC +1)
You have supernaturally acute eyesight. (SInv)
Armour fits poorly on your strangely shaped body.
Your system is resistant to poisons. (rPois)
You cover ground very slowly.
You can spit poison.
You have a snake-like lower body.


Message History

The crimson imp barely misses you.
Okay, then.
You closely miss the crimson imp. The crimson imp closely misses you.
You hit the crimson imp.
The crimson imp is lightly wounded.
The crimson imp hits you with a +2 dagger of chaos.
You easily resist.
Casting: Scorch (safe; 4% risk of failure)
Confirm with . or Enter, or press ? or * to list all spells.
You feel a surge of power!
Flames lash the crimson imp.
The crimson imp completely resists.
You hear a shout!
The crimson imp barely misses you.
Casting: Scorch (safe; 4% risk of failure)
Confirm with . or Enter, or press ? or * to list all spells.
You feel a surge of power!
Flames lash the crimson imp.
The crimson imp completely resists.
You have got your breath back.
The crimson imp barely misses you.
Casting: Scorch (safe; 4% risk of failure)
Confirm with . or Enter, or press ? or * to list all spells.
You feel a surge of power!
Flames lash the crimson imp.
The crimson imp completely resists.
The crimson imp hits you with a +2 dagger of chaos.
The crimson imp freezes you.
* * * LOW HITPOINT WARNING * * *
The crimson imp hits you with a +2 dagger of chaos.
* * * LOW HITPOINT WARNING * * *
You closely miss the crimson imp.
The crimson imp hits you with a +2 dagger of chaos.
* * * LOW HITPOINT WARNING * * *
Aiming: Spit Poison (1% risk of failure)
Press: ? - help, Shift-Dir - straight line, f/p - crimson imp
Aim: a crimson imp, wielding a +2 dagger of chaos The splash of poison hits the crimson imp.
The crimson imp completely resists.
The crimson imp hits you with a +2 dagger of chaos.
* * * LOW HITPOINT WARNING * * *
You are electrocuted!
You die...

###### #....###
##### # #......#
#...# #######
.......###.#.#
#......
#####).......#
#......
#...#..###.###
#......
.[.#...###.#########
#......
#...#...........@5.#
# +......
#####).#...#######5#
#5####......
.......#.###
#.#...#.........
#†).##.#.#
#.'._.+.........
#.#.##.#.#
###...#.........
....##.#.#
.#.#.........
###†##.#.###########
# #.........
#>...............#
#.........
######.....#....##
###.........


You could see 2 crimson imps.

Vanquished Creatures
  Terence (D:2)
  4 gnolls (D:2)
  5 adders
  A worm (D:2)
  A dart slug (D:2)
  7 bats
  3 endoplasms
  3 giant cockroaches
  7 goblins
  3 hobgoblins
  8 jackals
  9 kobolds
  2 quokkas
  6 ball pythons
  2 frilled lizards
  4 rats
66 creatures vanquished.

Vanquished Creatures (others)
  80 foxfires
80 creatures vanquished.

Grand Total: 146 creatures vanquished

Notes
Turn   | Place    | Note
-------+----------+-------------------------------------------
     0 | D:1      | Gwenloh the Naga Fire Elementalist began the quest for the
                  | Orb.
     0 | D:1      | Reached XP level 1. HP: 15/15 MP: 3/3
   153 | D:1      | Found a faded altar of an unknown god.
   153 | D:1      | Noticed a lorocyproca
   563 | D:1      | Reached XP level 2. HP: 22/22 MP: 3/5
   574 | D:1      | Learned a level 2 spell: Scorch
  1185 | D:2      | Reached XP level 3. HP: 28/28 MP: 3/6
  1334 | D:2      | Found a sparkling altar of Nemelex Xobeh.
  1770 | D:2      | Reached XP level 4. HP: 36/36 MP: 0/7
  1901 | D:2      | Learned a level 3 spell: Conjure Flame
  2367 | D:2      | Noticed Terence
  2395 | D:2      | Killed Terence
  2396 | D:2      | Reached XP level 5. HP: 29/42 MP: 0/9
  2490 | D:1      | Learned a level 4 spell: Flame Wave
  2846 | D:3      | Found Dathuhomn's Armour Shoppe.
  3388 | D:3      | Found a shimmering altar of Xom.
  3402 | D:3      | Slain by a crimson imp

Illustrated notes

Levels and vault maps discovered:
D:1:      lemuel_arrival_tunnels, layout_basic,
          dreamdust_ecumenical_altar_sealed_demon, roderic_roman_lattice
D:2:      layout_basic, basic_altar, minmay_puff, uniq_terence
D:3:      layout_basic, led_xom_imps, serial_glass, glass_columns_a,
          glass_columns_a, serial_shops, nicolae_shop_hallway_stairs,
          supply_closet_lemuel, minmay_distorted

Skill      XL: |  1  2  3  4  5 |
---------------+----------------+-----
Conjurations   | 2 |  2.8
Stealth        | 4 |  4.2
Spellcasting   | 3 |  3.2
Fire Magic     | 4 |  4.0
Dodging        | |  1.6

Action                   |  1- 3 |  4- 6 || total
-------------------------+-------+-------++-------
Melee: Dagger            |     9 |       ||     9
       Staff             |       |     6 ||     6
 Cast: Foxfire           |    34 |    21 ||    55
       Scorch            |    12 |    24 ||    36
       Conjure Flame     |       |     2 ||     2
 Abil: Spit Poison       |     6 |     6 ||    12
Armor: Robe              |     3 |       ||     3
Dodge: Dodged            |    15 |    11 ||    26

Table legend: (Time is in decaauts)
 A = Elapsed time spent in this place.
 B = Non-inter-level travel time spent in this place.
 C = Inter-level travel time spent in this place.
 D = Time resting spent in this place.
 E = Time spent auto-exploring this place.
 F = Levels seen in this place.
 G = Mean time per level.
                   A        B        C        D        E       F      G
               +--------+--------+--------+--------+--------+-----+--------+
         Total |   4186 |   4024 |    162 |    337 |   2981 |   3 | 1395.3 |
       Dungeon |   4186 |   4024 |    162 |    337 |   2981 |   3 | 1395.3 |
               +--------+--------+--------+--------+--------+-----+--------+

Top non-repeatable levels by time:
     D:1: 1669 daAuts
     D:2: 1625 daAuts
     D:3: 891 daAuts
